 Dungeon Crawl Stone Soup version 0.21.1-1-g345015f (webtiles) character file.

8343 LairdRich the Cleaver (level 11, -1/99 HPs)
             Began as a Minotaur Berserker on June 10, 2018.
             Was a High Priest of Trog.
             Slain by a seven-headed hydra (11 damage)
             ... on level 2 of the Lair of Beasts.
             The game lasted 00:39:27 (9100 turns).

LairdRich the Cleaver (Minotaur Berserker)          Turns: 9100, Time: 00:39:28

Health: -1/99      AC: 17    Str: 22    XL:     11   Next: 8%
Magic:  10/10      EV: 11    Int:  4    God:    Trog [*****.]
Gold:   398        SH:  0    Dex: 13    Spells: 10/10 levels left

rFire    . . .     SeeInvis .   t - +0 war axe
rCold    . . .     Gourm    .   (no shield)
rNeg     . . .     Faith    +   d - +2 plate armour
rPois    .         Spirit   .   (helmet restricted)
rElec    .         Reflect  .   (no cloak)
rCorr    +         Harm     .   (no gloves)
MR       .....                  f - +0 pair of boots
Stlth    ..........             y - amulet of faith
HPRegen  0.26/turn              p - ring of resist corrosion
MPRegen  0.12/turn              s - ring of flight

@: berserk cooldown
A: retaliatory headbutt, horns 2
a: Berserk, Trog's Hand, Brothers in Arms, Burn Spellbooks, Renounce Religion,
Evoke Flight


You were on level 2 of the Lair of Beasts.
You worshipped Trog.
Trog was extremely pleased with you.
You were hungry.

You visited 2 branches of the dungeon, and saw 10 of its levels.
You also visited: Sewer.

You collected 398 gold pieces.

Inventory:

Hand Weapons
 a - a +1 hand axe
 q - a +4 war axe
 r - a cursed -2 mace
 t - a +0 war axe (weapon)
Missiles
 x - 3 javelins of penetration (quivered)
Armour
 d - a +2 plate armour (worn)
 f - a +0 pair of boots (worn)
Jewellery
 p - a ring of resist corrosion (left hand)
 s - a ring of flight (right hand)
 y - an amulet of faith (around neck)
Wands
 j - a wand of clouds (5)
 v - a wand of acid (9)
 D - a wand of disintegration (18)
 E - a wand of flame (36)
Scrolls
 b - a scroll of enchant armour
 g - 8 scrolls of identify
 l - 4 scrolls of remove curse
 m - a scroll of amnesia
 w - 3 scrolls of magic mapping
Potions
 e - 2 potions of berserk rage {unknown}
 h - 2 potions of curing {unknown}
 i - 2 potions of haste {unknown}
 k - 2 potions of cancellation {unknown}
 n - 2 potions of brilliance {unknown}
 o - a potion of heal wounds {unknown}
 A - a potion of mutation {unknown}
 B - a potion of flight {unknown}
Comestibles
 c - 13 rations


   Skills:
 + Level 9.9 Fighting
 * Level 13.1 Axes
 + Level 9.5 Armour
 + Level 8.7 Dodging


You had 10 spell levels left.
You didn't know any spells.

Dungeon Overview and Level Annotations

Branches:
Dungeon (8/15)             Temple (0/1) D:6            Lair (1/6) D:8

Altars:
Okawaru
The Shining One


Innate Abilities, Weirdness & Mutations

You reflexively headbutt those who attack you in melee.
You have a pair of horns on your head.


Message History

The six-headed hydra bites you.
You feel yourself speed up. The six-headed hydra barely misses you.
The six-headed hydra bites you.
* * * LOW HITPOINT WARNING * * *
The six-headed hydra completely misses you.
The six-headed hydra closely misses you.
The six-headed hydra bites you.
* * * LOW HITPOINT WARNING * * *
The six-headed hydra bites you.
* * * LOW HITPOINT WARNING * * *
You are too injured to fight recklessly!
You hack one of the six-headed hydra's heads off!
The five-headed hydra grows two more!
You hit the seven-headed hydra.
The seven-headed hydra is moderately wounded.
The seven-headed hydra bites you!
* * * LOW HITPOINT WARNING * * *
The seven-headed hydra bites you.
* * * LOW HITPOINT WARNING * * *
The seven-headed hydra bites you!
You die...

#...P≈P;PP≈≈P≈≈.....
##...≈P≈...YP.≈≈Y....
#............Y....o..
#..................#P #..)#
......!.. #### #..##### #.......
#≈≈≈#####..#†.####...##... #
#≈≈≈#...#..D(††...(.......
#.#≈≈≈#.##..@..........#....
####.####'.##..................
..........).##............#.....
.......(...................#...
#.####.P............P###...# ..
#.## ###....##.P#...P# ...# .
#..#####....#.....P..# #...#
#...##P...........P..# ....
##...........P...


You could see a seven-headed hydra.

Vanquished Creatures
  Erica (D:8)
  Urug (Lair:2)
  Pikel (D:5)
  A spiny frog (Lair:1)
  A komodo dragon (D:8)
  The ghost of inc the Changer, a novice OpTm (D:4)
  A merfolk (Lair:2)
  A hornet (D:8)
  Grinder (D:4)
  2 wyverns
  5 yaks (Lair:2)
  The ghost of Trampli the Scratcher, an amateur FeTm (D:5)
  A steam dragon (D:8)
  A water moccasin (Lair:2)
  An orc warrior (D:8)
  3 slaves (D:5)
  2 ice beasts (D:8)
  A sky beast (D:7)
  A phantom (D:8)
  A black bear (D:5)
  A necrophage (D:5)
  3 ogres
  3 centaurs (D:7)
  6 wolves (Lair:2)
  6 crocodiles
  7 bullfrogs
  A scorpion (D:8)
  The ghost of Jaiteiro the Gusty, a weakling DrAE (D:3)
  2 howler monkeys
  5 crimson imps
  5 hounds
  A bullfrog zombie (D:6)
  5 orc priests
  2 jellies (D:8)
  A bullfrog skeleton (D:8)
  8 orc wizards
  An iguana (D:8)
  4 worker ants
  A worker ant zombie (D:8)
  A howler monkey skeleton (D:6)
  7 adders
  A river rat (D:6)
  An adder skeleton (D:4)
  3 worms
  2 dart slugs (D:1)
  3 leopard geckos
  36 orcs
  5 ball pythons
  9 bats
  21 giant cockroaches
  10 goblins
  8 hobgoblins
  4 jackals (D:6)
  7 kobolds
  4 quokkas
  6 frilled lizards
  9 rats
228 creatures vanquished.

Vanquished Creatures (others)
  6 fungi (Lair:2)
  5 plants (Lair:2)
11 creatures vanquished.

Grand Total: 239 creatures vanquished

Notes
Turn   | Place    | Note
-------+----------+-------------------------------------------
     0 | D:1      | LairdRich the Minotaur Berserker began the quest for the Orb.
     0 | D:1      | Reached XP level 1. HP: 19/19 MP: 0/0
   219 | D:1      | Reached skill level 4 in Axes
   219 | D:1      | Reached XP level 2. HP: 27/27 MP: 1/1
   359 | D:1      | You fall through a shaft!
   582 | D:2      | Reached XP level 3. HP: 33/33 MP: 2/2
  1090 | D:2      | Found a glowing golden altar of the Shining One.
  1210 | D:2      | You fall through a shaft!
  1306 | D:3      | Reached ** piety under Trog
  1306 | D:3      | Reached XP level 4. HP: 27/40 MP: 3/3
  1574 | D:3      | Reached skill level 5 in Axes
  1988 | D:3      | Noticed Jaiteiro's ghost (weakling DrAE)
  1995 | D:3      | Killed Jaiteiro's ghost
  1995 | D:3      | Reached XP level 5. HP: 47/47 MP: 4/4
  2445 | D:4      | Noticed an ogre
  2454 | D:4      | Killed an ogre
  2485 | D:4      | Reached skill level 6 in Axes
  2485 | D:4      | Reached XP level 6. HP: 44/55 MP: 5/5
  2496 | D:4      | Reached skill level 5 in Fighting
  2770 | D:4      | Noticed inc's ghost (novice OpTm)
  2800 | D:4      | Killed inc's ghost
  2800 | D:4      | Reached skill level 7 in Axes
  2800 | D:4      | Reached XP level 7. HP: 54/61 MP: 6/6
  3088 | D:4      | Noticed Grinder
  3092 | D:4      | Reached *** piety under Trog
  3104 | D:4      | Paralysed by Grinder for 3 turns
  3113 | D:4      | Killed Grinder
  3113 | D:4      | Reached skill level 5 in Armour
  3586 | D:5      | Entered Level 5 of the Dungeon
  3596 | D:5      | Reached skill level 8 in Axes
  3596 | D:5      | Reached skill level 5 in Dodging
  3596 | D:5      | Reached XP level 8. HP: 42/70 MP: 7/7
  3797 | D:5      | Noticed Trampli's ghost (amateur FeTm)
  3804 | D:5      | Noticed Pikel
  3961 | D:5      | Killed Pikel
  3961 | D:5      | Reached skill level 9 in Axes
  4021 | D:5      | Killed Trampli's ghost
  4545 | D:6      | Identified a scroll of acquirement
  4609 | D:6      | Reached XP level 9. HP: 71/79 MP: 8/8
  5052 | D:6      | Found a staircase to the Ecumenical Temple.
  5109 | D:6      | Found a glowing drain.
  5117 | D:6      | Reached **** piety under Trog
  5134 | Sewer    | Entered a sewer
  5148 | Sewer    | Received a gift from Trog
  5544 | D:6      | Reached skill level 10 in Axes
  6898 | D:8      | Reached skill level 11 in Axes
  6944 | D:8      | Paralysed by a hornet for 2 turns
  7171 | D:8      | Found an iron altar of Okawaru.
  7353 | D:8      | Reached XP level 10. HP: 90/90 MP: 9/9
  7747 | D:8      | Reached ***** piety under Trog
  8126 | D:8      | Found a staircase to the Lair.
  8146 | D:8      | Noticed Erica
  8173 | D:8      | Killed Erica
  8173 | D:8      | Reached skill level 12 in Axes
  8321 | Lair:1   | Entered Level 1 of the Lair of Beasts
  8321 | Lair:1   | Noticed a spiny frog
  8336 | Lair:1   | Killed a spiny frog
  8561 | Lair:1   | You fall through a shaft!
  9043 | Lair:2   | Noticed Urug
  9070 | Lair:2   | Reached XP level 11. HP: 83/99 MP: 10/10
  9074 | Lair:2   | Killed Urug
  9074 | Lair:2   | Reached skill level 13 in Axes
  9092 | Lair:2   | Noticed a five-headed hydra
  9100 | Lair:2   | Slain by a seven-headed hydra

Skill      XL: |  1  2  3  4  5  6  7  8  9 10 11 |
---------------+----------------------------------+-----
Axes           | 4 5 6 7 8 9 11 12 13 | 13.1
Fighting       | 4 5 6 7 8 9 |  9.9
Armour         | 3 4 5 6 8 9 |  9.5
Dodging        | 3 4 5 6 7 8 |  8.7

Action                   |  1- 3 |  4- 6 |  7- 9 | 10-12 || total
-------------------------+-------+-------+-------+-------++-------
Melee: Hand axe          |    89 |   101 |   352 |   112 ||   654
       Headbutt          |    11 |    14 |    78 |    44 ||   147
       War axe           |       |       |       |    50 ||    50
Throw: Throwing net      |       |       |     1 |       ||     1
Invok: Berserk           |     1 |     3 |     4 |     3 ||    11
Evoke: Wand              |       |       |       |     2 ||     2
  Use: Scroll            |       |     7 |     5 |     2 ||    14
       Potion            |       |       |       |     1 ||     1
  Eat: Chunk             |     2 |     7 |    10 |     4 ||    23
       Ration            |       |       |     3 |     1 ||     4
Armor: Plate armour      |    77 |    49 |   177 |   107 ||   410
Dodge: Dodged            |    37 |    34 |   130 |   107 ||   308
